cohdb
Replays
Latest Replays
All Replays
Popular Replays
Top Player Replays
Match Explorer
How It Works
Community
CoH3 Stats
Reddit
Sign in to upload your games and track your stats! →
Sign in with Steam
Match 42795676
Unlisted
Match 42795676
Overview
Messages
Build Orders
End
Vickers Machine Gun Team
Construct Section Command Post
Infantry Section
Infantry Section
ML 3-inch Mortar Team
Selects Indian Artillery Battlegroup
Selects Towed ML 4.2-inch Heavy Mortar
Towed ML 4.2-inch Heavy Mortar
Construct Platoon Command Post
Selects Off-map Airburst Barrage
6-pounder Anti-tank Gun Team
Royal Engineer Section
Off-map Airburst Barrage
Selects BL5.5 Artillery Emplacement
Off-map Airburst Barrage
Construct Company Command Post
Off-map Airburst Barrage
Grenade Package
Selects Valour
Selects Gurkha Rifles Section
Selects Pillage
Unlock M3 Grant Medium Tanks
Off-map Airburst Barrage
Off-map Airburst Barrage
M3 Grant Medium Tank
M3 Grant Medium Tank
Off-map Airburst Barrage
M3 Grant Medium Tank
Off-map Airburst Barrage
ZmiO
Masang
Vlady the Impaler
General Winter
[82AD] PaulVmax
Valieriumborn
FloppyBob
A Chunky Chaffinch
0
0
Comments
sign in to comment!
No comments posted yet!